[Event "Early-Titled-Tuesday-Blitz-September-26-2023"]
[Site "Chess.com"]
[Date "2023.09.26"]
[Round "4"]
[White "DarZay"]
[Black "elegant285"]
[Result "0-1"]
[WhiteElo "2209"]
[BlackElo "2392"]
[TimeControl "180+1"]
[EndTime "8:38:45 PDT"]
[Termination "elegant285 won by checkmate"]

1. e4 c5 2. f3 d5 3. exd5 Qxd5 4.
Nc3 Qd8 5. Bb5+ Bd7 6. Bxd7+ Qxd7 7. Nge2 Nc6 8. d3 Nf6 9. Be3 e5 10. Ne4 Nd5 11. Bf2 b6 12. O-O Be7 13. N2c3 Nf4 14.
Ne2 Ne6 15. Bg3 h5 16. h3 h4 17.
Bf2 g5 18. Qd2 f5 19. N4c3 Rg8 20. a4 g4 21. fxg4 fxg4 22. hxg4 Rxg4 23. Qh6 O-O-O 24. Ne4 Rdg8 25. g3 R4g6 26. Qe3 Ncd4 27. Nxd4 Nxd4 28. a5 Nxc2 29. Qd2 Nxa1 30. Rxa1 hxg3 31. Bxg3 Rxg3+ 32. Nxg3 Rxg3+ 33. Kf2 Qg4 34. Qh6 Rg2+ 35. Ke1 Qe2# 0-1

[Event "Early-Titled-Tuesday-Blitz-September-26-2023"]
[Site "Chess.com"]
[Date "2023.09.26"]
[Round "4"]
[White "maracayo"]
[Black "Ariadna_Atreides"]
[Result "1-0"]
[WhiteElo "2377"]
[BlackElo "2193"]
[TimeControl "180+1"]
[EndTime "8:38:45 PDT"]
[Termination "maracayo won by checkmate"]

1. e4 c6 2. Nf3 d5 3. d3 Qc7 4. Be2 e5 5. O-O Bd6 6. Re1 dxe4 7.
dxe4 Nf6 8. Nbd2 O-O 9. c3 Rd8 10.
Qc2 b5 11. h3 a6 12. a4 Bb7 13. Nf1 Nbd7 14. Ng3 Nc5 15. Bg5 Be7 16. axb5 cxb5 17. Bf1 Rd7 18. b4 Ne6 19. Bxf6 Bxf6 20. Nf5 Nd4 21.
N5xd4 exd4 22. e5 Be7 23. Qf5 dxc3 24. e6 fxe6 25. Qxe6+ Kf8 26. Ne5 Bd5 27. Nxd7+ Ke8 28. Qxe7# 1-0

[Event "Early-Titled-Tuesday-Blitz-September-26-2023"]
[Site "Chess.com"]
[Date "2023.09.26"]
[Round "4"]
[White "vishwa_vijeta"]
[Black "Kirill_Klukin"]
[Result "0-1"]
[WhiteElo "2540"]
[BlackElo "2724"]
[TimeControl "180+1"]
[EndTime "8:38:46 PDT"]
[Termination "Kirill_Klukin won by resignation"]

1. e4 c5 2. Nf3 g6 3. d4 cxd4 4.
Nxd4 Bg7 5. c4 Nc6 6. Be3 Nf6 7. Nc3 O-O 8. Be2 d6 9. Qd2 Bd7 10. O-O Nxd4 11. Bxd4 Bc6 12. b4 e5 13. Be3 a5 14.
b5 Nxe4 15. Nxe4 Bxe4 16. Rad1 d5 17. f3 d4 18. Bg5 f6 19. fxe4 fxg5 20. c5 Rc8 21.
Rc1 Rf4 22. Bc4+ Kh8 23. Bd5 Qe7 24. Qxa5 Rxc5 25. Rxc5 Qxc5 26. Qd8+ Bf8 27. Qxg5 d3+ 0-1

[Event "Early-Titled-Tuesday-Blitz-September-26-2023"]
[Site "Chess.com"]
[Date "2023.09.26"]
[Round "4"]
[White "Roedor"]
[Black "Elaisaz"]
[Result "1-0"]
[WhiteElo "2356"]
[BlackElo "2140"]
[TimeControl "180+1"]
[EndTime "8:38:46 PDT"]
[Termination "Roedor won on time"]

1. d4 d5 2. c4 c6 3. Nf3 Nf6 4. e3 e6 5. b3 Bd6 6. Bd3 Nbd7 7. Bb2 O-O 8. O-O Re8 9. Ne5 c5 10. Nd2 cxd4 11. exd4 Qe7 12. a4 Bb4 13. Ndf3 Nxe5 14. Nxe5 Bd7 15. Qf3 Red8 16. Rfd1 Bc6 17. Qh3 dxc4 18.
Nxc6 bxc6 19. bxc4 g6 20. Be2 c5 21. Bf3 Rab8 22.
d5 exd5 23. cxd5 c4 24. Bd4 Bc5 25. Bc3 Rb3 26. Rac1 Ba3 27. Rc2 Ne4 28. Bxe4 Qxe4 29. Qh6 Rxc3 30. Rxc3 Rxd5 31. Rf1 Bb4 32. Re3 1-0

[Event "Early-Titled-Tuesday-Blitz-September-26-2023"]
[Site "Chess.com"]
[Date "2023.09.26"]
[Round "4"]
[White "DanielTitichoca"]
[Black "Defenstrator"]
[Result "1-0"]
[WhiteElo "2559"]
[BlackElo "2357"]
[TimeControl "180+1"]
[EndTime "8:38:48 PDT"]
[Termination "DanielTitichoca won on time"]

1. e4 e6 2. Nf3 c5 3. Nc3 a6 4. g3 d5 5. Bg2 Nf6 6. exd5 exd5 7. d4 Nc6 8. O-O Be7 9. dxc5 O-O 10. Na4 Ne4 11.
Be3 Bg4 12. h3 Bh5 13. g4 Bg6 14. c3 f5 15. Nb6 f4 16. Bc1 Bxc5 17. Nxa8 d4 18.
cxd4 Nxd4 19. Nxd4 Bxd4 20. Nc7 f3 21. Bxf3 Qxc7 22.
Qxd4 Rxf3 23. Qd5+ Kh8 24. Rd1 Rg3+ 25. Kf1 h6 26.
Qd8+ 1-0

[Event "Early-Titled-Tuesday-Blitz-September-26-2023"]
[Site "Chess.com"]
[Date "2023.09.26"]
[Round "4"]
[White "quvnoq_muxlis"]
[Black "jeetjain"]
[Result "0-1"]
[WhiteElo "2798"]
[BlackElo "2595"]
[TimeControl "180+1"]
[EndTime "8:38:49 PDT"]
[Termination "jeetjain won by resignation"]

1. e4 c6 2. d4 d5 3. Nc3 dxe4 4. Nxe4 Nf6 5. Nxf6+ gxf6 6. h4 Bf5 7. c3 e6 8. Ne2 h6 9. Be3 Nd7 10. Qd2 Qc7 11. Ng3 Bg6 12. h5 Bh7 13. Bxh6 Bd6 14. Ne2 O-O-O 15. Be3 Kb8 16. O-O-O e5 17. Rh4 Qa5 18. b4 Qc7 19. g3 Nb6 20. Ng1 Nd5 21. Kb2 a5 22. a3 Qe7 23. Bc4 Nb6 24. Bb3 f5 25. Nf3 f4 26. gxf4 e4 27. Ng5 Bf5 28. Rhh1 Rdf8 29. Rhe1 f6 30. f3 fxg5 31. fxe4 Bxe4 32.
fxg5 Rxh5 33. Rg1 Rh2 34. Rdf1 Rxd2+ 35. Bxd2 Rxf1 36. Rxf1 Bg6 37. Rf6 Qe4 38. a4 Qb1+ 39. Ka3 axb4+ 40. cxb4 Qa1+ 41. Ba2 Nc4+ 42. Kb3 Nxd2+ 0-1

[Event "Early-Titled-Tuesday-Blitz-September-26-2023"]
[Site "Chess.com"]
[Date "2023.09.26"]
[Round "4"]
[White "DefiantChair"]
[Black "vedantgoswami"]
[Result "1-0"]
[WhiteElo "2574"]
[BlackElo "2360"]
[TimeControl "180+1"]
[EndTime "8:38:49 PDT"]
[Termination "DefiantChair won by resignation"]

1. e4 Nc6 2. Nf3 d6 3. Bb5 a6 4. Bxc6+ bxc6 5. c4 e6 6. d4 g6 7. Nc3 Bg7 8. h3 Ne7 9. Be3 Rb8 10. Qd2 h6 11. b3 g5 12. O-O-O Ng6 13. g4 a5 14. Qc2 Qf6 15. Nd2 Nf4 16. e5 Qg6 17. Bxf4 Qxc2+ 18. Kxc2 gxf4 19. Nf3 h5 20. Ne4 Ke7 21. c5 d5 22.
Nc3 Ba6 23. g5 a4 24. Nxa4 Be2 25. Nh4 Bxd1+ 26. Rxd1 Kd7 27. Nc3 Rhg8 28. Rg1 Bf8 29. Ne2 Be7 30. Nf3 Ra8 31. a4 h4 32. Nxf4 Rg7 33. Rg4 Rag8 34. Nh5 Rxg5 35. Nxg5 Rxg5 36. Rxg5 Bxg5 37. f4 Be7 38. Kd3 Kc8 39. b4 Kb7 40. Ke3 Bf8 41. Kf3 Bh6 42. Kg4 1-0

[Event "Early-Titled-Tuesday-Blitz-September-26-2023"]
[Site "Chess.com"]
[Date "2023.09.26"]
[Round "4"]
[White "PavelChernomordik"]
[Black "HrvojeZagreb"]
[Result "1-0"]
[WhiteElo "2501"]
[BlackElo "2290"]
[TimeControl "180+1"]
[EndTime "8:38:52 PDT"]
[Termination "PavelChernomordik won by checkmate"]

1. e4 c5 2. Nc3 g6 3. f4 Bg7 4. Nf3 Nc6 5. Bb5 Nd4 6. Bc4 e6 7. e5 d5 8. Nxd4 cxd4 9. Bb5+ Kf8 10. Ne2 Qb6 11. a4 Nh6 12. Bd3 Nf5 13. a5 Qd8 14. O-O f6 15. Bxf5 gxf5 16. Nxd4 fxe5 17.
fxe5 Bxe5 18. Nf3 Bf6 19. d4 Rg8 20. Bf4 Bd7 21. Ne5 Be8 22. Bh6+ Ke7 23. Qd2 Qd6 24.
Bf4 Qa6 25. Qb4+ Kd8 26. c4 dxc4 27. Rad1 Bc6 28. Qd6+ Kc8 29. Qxe6+ Kd8 30. Nf7# 1-0

[Event "Early-Titled-Tuesday-Blitz-September-26-2023"]
[Site "Chess.com"]
[Date "2023.09.26"]
[Round "4"]
[White "Noki102"]
[Black "Eagle_2019"]
[Result "0-1"]
[WhiteElo "2407"]
[BlackElo "2694"]
[TimeControl "180+1"]
[EndTime "8:38:55 PDT"]
[Termination "Eagle_2019 won by resignation"]

1. d4 e6 2. c4 d5 3. Nf3 Nf6 4. g3 dxc4 5. Bg2 Bd7 6. Ne5 Bc6 7. Nxc6 Nxc6 8. e3 Qd7 9. O-O Rd8 10. Qa4 Nb4 11. Qxa7 Nc2 12. Qxb7 Nd5 13. e4 Nb6 14. a4 Nxa1 15. a5 Nb3 16. axb6 cxb6 17. Qxb6 Nxd4 18. Be3 Be7 19. Nc3 O-O 20. Rd1 Bf6 21. f4 Rb8 22. Rxd4 Bxd4 23. Qxd4 Qxd4 24. Bxd4 Rfd8 25. Ne2 Rxd4 26. Nxd4 Rxb2 27. e5 c3 28. h4 c2 29.
Nxc2 Rxc2 30. Kh2 h6 31. Kh3 g5 32. hxg5 hxg5 33. Be4 Rc4 34. Bd3 Rc3 35. Bb1 gxf4 36. Kh4 f3 0-1

[Event "Early-Titled-Tuesday-Blitz-September-26-2023"]
[Site "Chess.com"]
[Date "2023.09.26"]
[Round "4"]
[White "twofoxniel"]
[Black "Haykoooo0o"]
[Result "1-0"]
[WhiteElo "2684"]
[BlackElo "2481"]
[TimeControl "180+1"]
[EndTime "8:38:56 PDT"]
[Termination "twofoxniel won by resignation"]

1. e4 c6 2. d4 d5 3. Nd2 dxe4 4. Nxe4 Nd7 5. Ng5 h6 6. Ne6 Qb6 7. Nxf8 Nxf8 8. c3 Bf5 9. Nf3 Nf6 10. Bc4 e6 11. O-O N8d7 12. Re1 O-O 13. h3 Bh7 14.
Ne5 Nxe5 15. Rxe5 Rfd8 16. Qf3 Nd5 17. Re2 c5 18. dxc5 Qxc5 19. Bb3 a6 20. Bd2 Rd7 21.
Rae1 Rad8 22. Bc1 Bg6 23. a3 b5 24. Qg3 Ne7 25. Re5 Qc7 26. Bf4 Qb7 27. h4 Nf5 28. Qg4 h5 29. Qg5 Kh7 30. Rxe6 f6 31. Rxf6 gxf6 32.
Qxf6 Qc7 33. Bxc7 Rxc7 34. Qxd8 1-0

[Event "Early-Titled-Tuesday-Blitz-September-26-2023"]
[Site "Chess.com"]
[Date "2023.09.26"]
[Round "4"]
[White "ARMQUEEN"]
[Black "bazar-wokzal"]
[Result "0-1"]
[WhiteElo "2432"]
[BlackElo "2656"]
[TimeControl "180+1"]
[EndTime "8:38:57 PDT"]
[Termination "bazar-wokzal won by resignation"]

1. e4 Nc6 2. Nf3 d5 3. exd5 Qxd5 4. Nc3 Qa5 5. d4 Bg4 6. h3 Bxf3 7. Qxf3 O-O-O 8. Qxf7 e5 9. d5 Nd4 10. Bd3 Nf6 11.
O-O Rd7 12. Bf5 Nxf5 13. Qe6 Nd4 14. Qxe5 Nxc2 15. Rb1 Bd6 16. Qf5 Nd4 17. Qd3 c5 18.
a3 Bb8 19. b4 Qc7 20. f4 Nxd5 21.
Ne4 Ne6 22. Qf3 Ndxf4 23. Bxf4 Qxf4 24. bxc5 Qh2+ 25. Kf2 Rf8 26. Ng5 Rxf3+ 27. Nxf3 Bg3+ 28. Ke3 Qxg2 29. c6 Bf4+ 0-1

[Event "Early-Titled-Tuesday-Blitz-September-26-2023"]
[Site "Chess.com"]
[Date "2023.09.26"]
[Round "4"]
[White "Mr_ruthless"]
[Black "Ditman2007"]
[Result "0-1"]
[WhiteElo "2478"]
[BlackElo "2683"]
[TimeControl "180+1"]
[EndTime "8:38:59 PDT"]
[Termination "Ditman2007 won by resignation"]

1. e4 e6 2. d4 d5 3. Nd2 Be7 4. Bd3 Nf6 5. e5 Nfd7 6. c3 c5 7. f4 Nc6 8. Ndf3 Qb6 9. Ne2 cxd4 10. cxd4 a6 11. O-O h6 12. Kh1 Qa7 13. a4 b6 14. f5 exf5 15. Bxf5 Nf8 16. Ng3 g6 17. Bc2 Bg4 18. h3 Bd7 19. Bb3 Be6 20. Ne2 O-O-O 21.
Bd2 Kb8 22. Rc1 Qb7 23. Ne1 g5 24. a5 g4 25. axb6 gxh3 26. gxh3 Bxh3 27. Rf3 Bg4 28.
Ba4 Bxf3+ 29. Nxf3 Rc8 30. Nf4 Ne6 31. Be3 Nxf4 32.
Bxf4 Bg5 33. Qd2 Ka8 34. Ra1 Qxb6 35. Bd1 Na7 36. Be2 Bxf4 37. Qxf4 Qxb2 38. Rxa6 Qxe2 39. Qf6 Rc1+ 40. Ng1 Rxg1+ 41. Kxg1 Rg8+ 0-1

[Event "Early-Titled-Tuesday-Blitz-September-26-2023"]
[Site "Chess.com"]
[Date "2023.09.26"]
[Round "4"]
[White "Kopytkin"]
[Black "cthake"]
[Result "1-0"]
[WhiteElo "2351"]
[BlackElo "1872"]
[TimeControl "180+1"]
[EndTime "8:38:59 PDT"]
[Termination "Kopytkin won by resignation"]

1. e4 e6 2. d4 d5 3. exd5 exd5 4. Bd3 Nf6 5. Qf3 Bd6 6. h3 O-O 7. Ne2 Nc6 8. Bg5 Be7 9. c3 h6 10. Bh4 Re8 11. O-O Ne4 12. Bxe7 Qxe7 13. Ng3 Nxg3 14. Qxg3 Be6 15. Nd2 Qd7 16. Qf4 Ne7 17. g4 c6 18. Nf3 Rf8 19. Rae1 Rae8 20. Qg3 Ng6 21. Bxg6 fxg6 22. Ne5 Qc7 23. Nxg6 Qxg3+ 24. fxg3 Rxf1+ 25. Kxf1 Kf7 26. Nf4 Kf6 27. Kf2 g5 28. Nd3 b6 29.
Re3 a5 30. Rf3+ Kg6 31. Ne5+ Kg7 32. Nxc6 Bd7 33. Ne5 Be6 34. h4 gxh4 35. gxh4 Re7 36. g5 hxg5 37. hxg5 Rc7 38. Rf6 Bh3 1-0

[Event "Early-Titled-Tuesday-Blitz-September-26-2023"]
[Site "Chess.com"]
[Date "2023.09.26"]
[Round "4"]
[White "tandaleo"]
[Black "salomez"]
[Result "1-0"]
[WhiteElo "2512"]
[BlackElo "2309"]
[TimeControl "180+1"]
[EndTime "8:39:00 PDT"]
[Termination "tandaleo won by resignation"]

1. b3 e5 2. Bb2 d6 3. d3 f5 4. Nd2 Nf6 5. e3 g6 6. g3 Bg7 7. Bg2 O-O 8. Ne2 c6 9. O-O Nbd7 10. h3 Qe7 11. a3 a5 12. f4 exf4 13. exf4 Re8 14.
Re1 Qe3+ 15. Kh2 Ng4+ 16. hxg4 Bxb2 17. Nc4 Qf2 18. Nxb2 Nf6 19. Nc3 Nxg4+ 20. Qxg4 fxg4 21. Rxe8+ Kg7 22. Rae1 Qxc2 23. R1e7+ Kh6 24. Ne4 Bf5 25. Ng5 1-0

[Event "Early-Titled-Tuesday-Blitz-September-26-2023"]
[Site "Chess.com"]
[Date "2023.09.26"]
[Round "4"]
[White "GianmarcoVaR"]
[Black "KVAIDAN"]
[Result "0-1"]
[WhiteElo "2605"]
[BlackElo "2286"]
[TimeControl "180+1"]
[EndTime "8:39:01 PDT"]
[Termination "KVAIDAN won by checkmate"]

1. e4 e6 2. d4 d5 3. Nd2 Nf6 4. e5 Nfd7 5. c3 c5 6. Bd3 Nc6 7. Ne2 cxd4 8. cxd4 f6 9. exf6 Qxf6 10. Nf3 h6 11. O-O Bd6 12. a3 O-O 13. Bc2 Rf7 14. Ng3 Nf8 15. Re1 Bd7 16. Qd3 Rc8 17. Bd2 Be8 18.
Bc3 Rfc7 19. Ne5 Bxe5 20. dxe5 Qh4 21. Bb3 Bg6 22. Qd2 d4 23. Bb4 Nxb4 24. axb4 Bc2 25.
Bxc2 Rxc2 26. Qd3 Qf4 27. Ne4 Ng6 28. Qxd4 Nxe5 29. Rad1 Ng4 30. g3 Qf8 31. Nd6 Nxf2 32. Rf1 Nh3+ 33. Kh1 Rf2 34. Rfe1 Qf3# 0-1

[Event "Early-Titled-Tuesday-Blitz-September-26-2023"]
[Site "Chess.com"]
[Date "2023.09.26"]
[Round "4"]
[White "Lion-Al-Messi"]
[Black "verrbaa"]
[Result "1/2-1/2"]
[WhiteElo "2661"]
[BlackElo "2413"]
[TimeControl "180+1"]
[EndTime "8:39:01 PDT"]
[Termination "Game drawn by repetition"]

1. e4 e5 2. Nf3 Nc6 3. Bb5 a6 4. Ba4 Nf6 5. O-O Be7 6. d3 d6 7. c3 O-O 8. Re1 Re8 9. Nbd2 Bf8 10. d4 b5 11. Bb3 h6 12. Nf1 exd4 13. cxd4 Bg4 14.
Ng3 Bxf3 15. gxf3 Qd7 16. Nf5 Kh7 17. Qd2 d5 18. Qd3 dxe4 19. fxe4 g6 20. Ng3 Nxd4 21. Bxf7 Qxf7 22. Qxd4 Rad8 23. Qc3 Ng4 24. Be3 Nxe3 25. Qxe3 c5 26. Rad1 c4 27. Qb6 Rxd1 28. Rxd1 Re6 29. Qb8 Bg7 30. Qc8 h5 31. Qd8 Qe7 32. Qd5 h4 33.
Nf1 Rxe4 34. Ne3 Qe5 35. Qf7 Qg5+ 36. Kf1 Rf4 37. Qe6 Qf6 38. Qxf6 Bxf6 39. Nd5 Rf5 40. Ne3 Rf4 41. Nd5 Rf5 42. Ne3 Rf4 1/2-1/2

[Event "Early-Titled-Tuesday-Blitz-September-26-2023"]
[Site "Chess.com"]
[Date "2023.09.26"]
[Round "4"]
[White "blitzking1729"]
[Black "Mystery2007"]
[Result "1-0"]
[WhiteElo "2765"]
[BlackElo "2496"]
[TimeControl "180+1"]
[EndTime "8:39:02 PDT"]
[Termination "blitzking1729 won on time"]

1. Nf3 b6 2. d4 Bb7 3. Nc3 Nf6 4.
Bg5 d5 5. e3 Nbd7 6. Bd3 h6 7.
Bh4 e6 8. O-O Be7 9. Qe2 Ne4 10.
Bxe7 Qxe7 11. Bxe4 dxe4 12. Nd2 Nf6 13. Qb5+ Qd7 14.
Qe5 O-O 15. Ndxe4 Nxe4 16. Nxe4 f6 17. Qf4 e5 18. dxe5 fxe5 19. Qh4 g5 20. Nxg5 hxg5 21.
Qxg5+ Qg7 22. Qxg7+ Kxg7 23. Rfd1 Rad8 24. f3 Kf6 25.
Kf2 c5 26. e4 Ba6 27. Ke3 Rd4 28. c3 Rdd8 29. h4 Rh8 30. g3 c4 31. Rac1 Rd3+ 32.
Rxd3 cxd3 33. c4 Rd8 34. Kd2 Rd4 35. b3 Bb7 36. Rc3 a6 37. Rxd3 1-0

[Event "Early-Titled-Tuesday-Blitz-September-26-2023"]
[Site "Chess.com"]
[Date "2023.09.26"]
[Round "4"]
[White "KatakuriDono"]
[Black "Zarinur"]
[Result "0-1"]
[WhiteElo "2323"]
[BlackElo "2522"]
[TimeControl "180+1"]
[EndTime "8:39:04 PDT"]
[Termination "Zarinur won by checkmate"]

1. d4 Nf6 2. c4 e6 3. Nf3 Bb4+ 4.
Nbd2 c5 5. e3 O-O 6. a3 Bxd2+ 7.
Bxd2 b6 8. Bd3 Bb7 9. O-O d5 10. cxd5 exd5 11. Rc1 c4 12. Bb1 a5 13. Ne5 b5 14. f4 Qd6 15. Rf3 b4 16. g4 bxa3 17.
bxa3 Qxa3 18. g5 Ne4 19. Rh3 Bc8 20. Rh4 Bf5 21. Bxe4 Bxe4 22. Qh5 Qb2 23. g6 h6 24. gxf7+ Kh7 25. Rd1 c3 26. Ng4 Ra6 27. Bc1 Qg2# 0-1

[Event "Early-Titled-Tuesday-Blitz-September-26-2023"]
[Site "Chess.com"]
[Date "2023.09.26"]
[Round "4"]
[White "Alexander_Donchenko"]
[Black "viktorskliarov"]
[Result "1-0"]
[WhiteElo "2812"]
[BlackElo "2651"]
[TimeControl "180+1"]
[EndTime "8:39:06 PDT"]
[Termination "Alexander_Donchenko won by resignation"]

1. e4 c5 2. Nf3 Nc6 3. Bb5 e6 4.
O-O Nge7 5. Re1 a6 6. Bf1 Nd4 7. c3 Nxf3+ 8. Qxf3 Nc6 9. Qg3 d6 10.
d3 g6 11. Na3 b5 12. Nc2 Bg7 13. a4 Bb7 14. Bg5 f6 15. Bf4 e5 16. Bd2 O-O 17. Ne3 Ne7 18. axb5 axb5 19. Qh3 f5 20. exf5 Nxf5 21.
Nxf5 Rxf5 22. Be2 Rf8 23. Rxa8 Bxa8 24. Ra1 Qf6 25. Be3 b4 26. Ra7 bxc3 27. bxc3 Bd5 28.
c4 Be6 29. Bg4 Bxg4 30. Qxg4 Bh6 31. Qd7 Bg7 32. h3 h5 33. Kh1 Rf7 34. Qc8+ Rf8 35. Qb7 h4 36. Bg5 Qf7 37. Qxf7+ Rxf7 38. Rxf7 Kxf7 39.
Bxh4 Ke6 40. f3 d5 41. Bf2 dxc4 42. dxc4 Bf8 43. Bg3 e4 44. fxe4 Bd6 45. Bxd6 Kxd6 46. h4 Ke5 47. Kh2 Kd4 48. e5 Kxe5 49. g4 Kf4 50. Kh3 g5 51. h5 Ke5 52. Kg3 Kf6 53. Kf3 1-0

[Event "Early-Titled-Tuesday-Blitz-September-26-2023"]
[Site "Chess.com"]
[Date "2023.09.26"]
[Round "4"]
[White "TigranHH"]
[Black "kleopl"]
[Result "1-0"]
[WhiteElo "2239"]
[BlackElo "2460"]
[TimeControl "180+1"]
[EndTime "8:39:06 PDT"]
[Termination "TigranHH won by resignation"]

1. d4 Nf6 2. c4 e6 3. Nf3 c5 4. d5 b5 5. Bg5 bxc4 6. Nc3 d6 7. dxe6 fxe6 8. e4 Ba6 9. Bxc4 Bxc4 10. Qa4+ Qd7 11. Qxc4 Nc6 12. Bxf6 gxf6 13. O-O Be7 14. Rad1 Rb8 15. Rd2 Rb4 16. Qe2 O-O 17. Rfd1 Rfb8 18.
e5 fxe5 19. Nxe5 Nxe5 20. Qxe5 Rxb2 21. Qg3+ Kh8 22. Rxb2 Rxb2 23. Ne4 d5 24. Qc3+ Kg8 25. Qxb2 Qa4 26. Nc3 Qc4 27. Qb3 Qa6 28. Qb5 Qd6 29. Qe8+ Bf8 30. Rd3 Qf4 31. Rg3+ Kh8 32. Ne2 Qf6 33. h3 h6 34. Rf3 Qa1+ 35. Kh2 Qe5+ 36.
Ng3 1-0

[Event "Early-Titled-Tuesday-Blitz-September-26-2023"]
[Site "Chess.com"]
[Date "2023.09.26"]
[Round "4"]
[White "ChainedDowntohell"]
[Black "kereswasbest"]
[Result "0-1"]
[WhiteElo "2468"]
[BlackElo "2290"]
[TimeControl "180+1"]
[EndTime "8:39:07 PDT"]
[Termination "kereswasbest won on time"]

1. d4 d5 2. c4 e6 3. Nc3 Be7 4. cxd5 exd5 5. Bf4 Nf6 6. e3 O-O 7. Bd3 c6 8. Qc2 h6 9. h3 Re8 10. Nf3 Nbd7 11. g4 Nf8 12. O-O-O Ne6 13. Be5 Bd6 14.
Kb1 Ng5 15. Nxg5 hxg5 16. f4 gxf4 17. exf4 b5 18. g5 Bxe5 19. dxe5 Nh5 20. Qf2 b4 21. Ne2 g6 22. f5 Bxf5 23. Bxf5 gxf5 24. Nd4 Qd7 25. Nxf5 Rxe5 26. Nh6+ Kg7 27. Rhg1 Rae8 28. Rdf1 R8e7 29. Qf3 Kg6 30. Ng4 R5e6 31. Qf5+ Kg7 32. Nf6 Re1+ 33. Kc2 Qxf5+ 0-1

[Event "Early-Titled-Tuesday-Blitz-September-26-2023"]
[Site "Chess.com"]
[Date "2023.09.26"]
[Round "4"]
[White "Saif_Malek04"]
[Black "OparinGrigoriy"]
[Result "0-1"]
[WhiteElo "2607"]
[BlackElo "2958"]
[TimeControl "180+1"]
[EndTime "8:39:08 PDT"]
[Termination "OparinGrigoriy won on time"]

1. e4 e5 2. Nf3 d6 3. Bc4 Nc6 4. d4 exd4 5. Nxd4 Nf6 6. Nc3 Be7 7. O-O O-O 8. Nde2 Re8 9. f3 Bf8 10. Bg5 h6 11. Bh4 Rb8 12. a3 a6 13. Nd5 g5 14. Bg3 Bg7 15. Qd2 Be6 16. Nec3 Nh5 17. f4 Nxg3 18. hxg3 gxf4 19. Rxf4 Qg5 20. Ne2 Ne5 21.
Bb3 Rbc8 22. Raf1 Ng6 23. Qe1 Nxf4 24. gxf4 Qg4 25. Ne3 Qh5 26. Bxe6 Rxe6 27. f5 Rxe4 28. Ng3 Rxe3 29. Qxe3 Qh4 30. Qf2 Bd4 0-1

[Event "Early-Titled-Tuesday-Blitz-September-26-2023"]
[Site "Chess.com"]
[Date "2023.09.26"]
[Round "4"]
[White "pinguino120"]
[Black "WindWhistler11"]
[Result "0-1"]
[WhiteElo "2215"]
[BlackElo "2471"]
[TimeControl "180+1"]
[EndTime "8:39:08 PDT"]
[Termination "WindWhistler11 won by checkmate"]

1. e4 e6 2. d4 d5 3. Nc3 Bb4 4. e5 Ne7 5. Qg4 Nf5 6. Bd3 h5 7. Qf4 c5 8. dxc5 Nc6 9. Bd2 g5 10. Qxg5 Qxg5 11. Bxg5 d4 12. a3 dxc3 13. axb4 cxb2 14.
Rb1 Nxb4 15. Bxf5 exf5 16. Rxb2 a5 17. Nf3 Be6 18. O-O Rc8 19. Bf6 Rg8 20. c3 Nd3 21. Rxb7 Bd5 22. Re7+ Kf8 23. Ng5 Rg6 24. Rd1 Rb8 25. h4 Nf4 26. Rxd5 Nxd5 27. Rxf7+ Kg8 28. Rh7 Nxf6 29. exf6 Rxg5 30. Ra7 Rg4 31. c6 Rxh4 32. Rg7+ Kf8 33. Rh7 Rb1# 0-1

[Event "Early-Titled-Tuesday-Blitz-September-26-2023"]
[Site "Chess.com"]
[Date "2023.09.26"]
[Round "4"]
[White "Gyulamiryan-koryun"]
[Black "wild3000"]
[Result "0-1"]
[WhiteElo "1984"]
[BlackElo "2315"]
[TimeControl "180+1"]
[EndTime "8:39:08 PDT"]
[Termination "wild3000 won on time"]

1. Nf3 d5 2. d3 e6 3. g3 Be7 4. Bg2 Nf6 5. Nbd2 O-O 6. O-O b6 7. c4 Bb7 8. a3 c5 9. Rb1 Nc6 10. e3 dxc4 11. Nxc4 Qc7 12. e4 Rfd8 13. Qc2 b5 14.
Ne3 Rac8 15. Qe2 Nd4 16. Nxd4 cxd4 17. Ng4 Qc2 18. Qxc2 Rxc2 19. Ne5 Bd6 20. Nf3 e5 21. Bg5 Rdc8 22. Bxf6 gxf6 23. Nh4 R8c6 24. Nf5 Bc8 25. g4 Bf8 26. b4 R6c3 27. Rfd1 Rxa3 28. h4 Raa2 29. Rf1 Rab2 30. Rxb2 Rxb2 31. f4 Bxb4 32. fxe5 fxe5 33. Nh6+ Kg7 34. Nxf7 Bxg4 35. Nxe5 Be2 36.
Rf7+ Kg8 37. Rxa7 Bd6 38. Nd7 Bg3 39. Ra1 Bxd3 40. e5 Bc4 41. Nf6+ Kf7 42. Bd5+ Bxd5 43. Nxd5 Ke6 0-1

[Event "Early-Titled-Tuesday-Blitz-September-26-2023"]
[Site "Chess.com"]
[Date "2023.09.26"]
[Round "4"]
[White "KamlaPasand"]
[Black "KerryStead"]
[Result "1-0"]
[WhiteElo "2427"]
[BlackElo "2094"]
[TimeControl "180+1"]
[EndTime "8:39:09 PDT"]
[Termination "KamlaPasand won by resignation"]

1. e4 c6 2. Nf3 d5 3. exd5 cxd5 4.
d4 Nc6 5. Bd3 Bg4 6. c3 e6 7.
O-O Bd6 8. h3 Bxf3 9. Qxf3 Nge7 10. Nd2 Qc7 11. Re1 O-O 12. Nf1 Ng6 13. g3 Nce7 14. h4 Nc6 15. h5 Nge7 16. Qg4 Kh8 17.
h6 g6 18. Bg5 f6 19. Bd2 Nf5 20. Rxe6 Nce7 21. Rae1 Rf7 22. Qh3 Ng8 23. Bxf5 gxf5 24. Qxf5 Bf8 25. Qxd5 Nxh6 26. Bxh6 Bxh6 27. Re8+ Rxe8 28. Rxe8+ Kg7 29. Ne3 Bxe3 30. Rxe3 Qd7 31. Qxd7 Rxd7 32. Re8 a6 33. f4 Kg6 34. Kf2 Kf5 35.
Kf3 h5 36. Rh8 Kg6 37. g4 hxg4+ 38. Kxg4 f5+ 39. Kf3 Re7 40. d5 Kf6 41. d6 Rd7 42.
Rh6+ Kg7 43. Re6 Kf7 44. Re7+ Rxe7 45. dxe7 Kxe7 46. Kg3 Kf6 47. Kh4 Kg6 48. c4 b6 49.
b4 Kf6 50. a4 Ke6 51. Kg5 a5 52. bxa5 bxa5 53. c5 Kd5 54. Kxf5 Kxc5 55. Ke4 Kb4 56.
Kd4 Kxa4 57. Kc4 Ka3 58. Kc3 Ka2 59. Kc2 a4 60. f5 Ka3 61. f6 Kb4 62. f7 a3 63. f8=Q+ Ka4 64. Kc3 1-0

[Event "Early-Titled-Tuesday-Blitz-September-26-2023"]
[Site "Chess.com"]
[Date "2023.09.26"]
[Round "4"]
[White "Barbix1"]
[Black "Emp3rador"]
[Result "0-1"]
[WhiteElo "2331"]
[BlackElo "2525"]
[TimeControl "180+1"]
[EndTime "8:39:10 PDT"]
[Termination "Emp3rador won on time"]

1. d4 d5 2. Nf3 c6 3. Bf4 Nf6 4. e3 Bf5 5. c4 Bxb1 6. Rxb1 e6 7.
a3 Nbd7 8. cxd5 cxd5 9. Bd3 Be7 10. O-O O-O 11. h3 Rc8 12. Qa4 a6 13. Rfc1 Nb6 14.
Qd1 Nc4 15. Ne5 b5 16. a4 Qb6 17. b3 Nd6 18. axb5 axb5 19. Ng4 Nde4 20. Nxf6+ Nxf6 21. Qe2 b4 22. Ra1 Ra8 23. Rxa8 Rxa8 24. Bb5 Ne4 25. Rc6 Qa5 26. Bc7 Qa1+ 27. Kh2 Nc3 28. Qd3 Qb2 29. Ra6 Rc8 30. Be5 Qxf2 31. Bd7 Rd8 32. Ra7 Bg5 33. Bc7 Rf8 0-1

[Event "Early-Titled-Tuesday-Blitz-September-26-2023"]
[Site "Chess.com"]
[Date "2023.09.26"]
[Round "4"]
[White "DanielNaroditsky"]
[Black "Hasangatin_Ramil"]
[Result "1-0"]
[WhiteElo "3150"]
[BlackElo "2714"]
[TimeControl "180+1"]
[EndTime "8:39:11 PDT"]
[Termination "DanielNaroditsky won by resignation"]

1. e4 c5 2. c3 d5 3. exd5 Qxd5 4. d4 Nf6 5. Nf3 e6 6. Na3 a6 7. Nc4 Nbd7 8. a4 Be7 9. Bd3 O-O 10. O-O cxd4 11.
Nxd4 Qh5 12. Be2 Qg6 13. Bf4 Nd5 14. Bg3 Nc5 15. Ne5 Qf6 16. Bf3 Bd6 17. Nd7 Qe7 18.
Nxf8 Qxf8 19. Bxd6 Qxd6 20. Bxd5 Qxd5 21. Qf3 Qxf3 22.
Nxf3 Bd7 23. a5 f6 24. Rfd1 Be8 25. Rd6 e5 26. Rad1 Nb3 27. Rd8 Rxd8 28. Rxd8 Kf7 29.
Rb8 Bc6 30. Ne1 Nxa5 31. Nd3 Nc4 32. Nb4 Ke6 33. Nxc6 bxc6 34. Kf1 Kd6 35. Ke2 Kc7 36. Rg8 Nxb2 37. Rxg7+ Kb6 38. Rxh7 a5 39. Kd2 a4 40.
Kc2 Nc4 41. h4 f5 42. h5 e4 43. h6 1-0